 Dungeon Crawl Stone Soup version 0.25-a0-294-gea9b1ad378 (webtiles) character file.

Game seed: 8408683858335918534, levelgen mode: deterministic

6197 MoonlitKnight the Basher (level 10, -1/93 (94) HPs)
             Began as a Minotaur Berserker on Dec 18, 2019.
             Was a High Priest of Trog.
             Slain by an orc priest
             ... wielding a +0 dagger
              (5 damage)
             ... on level 10 of the Dungeon.
             The game lasted 00:17:33 (8472 turns).

MoonlitKnight the Basher (Minotaur Berserker)       Turns: 8472, Time: 00:17:34

HP:   -1/93 (94)    AC: 14    Str: 26    XL:     10   Next: 61%
MP:   0/9           EV: 10    Int:  9    God:    Trog [*****.]
Gold: 328           SH:  0    Dex:  9    Spells: 9/9 levels left

rFire    x . .     SeeInvis .   y - +3 battleaxe (flame)
rCold    + . .     Gourm    .   (shield currently unavailable)
rNeg     . . .     Faith    .   u - +0 chain mail
rPois    .         Spirit   +   (helmet restricted)
rElec    .         Reflect  .   (no cloak)
rCorr    .         Harm     .   n - +1 pair of gloves
MR       .....                  (no boots)
Stlth    ..........             q - amulet of guardian spirit
HPRegen  0.25/turn              o - +5 ring of intelligence
MPRegen  0.11/turn              A - ring of ice

@: berserk cooldown, slowed, very slow
A: retaliatory headbutt, horns 2
a: Berserk, Trog's Hand, Brothers in Arms, Renounce Religion


You were on level 10 of the Dungeon.
You worshipped Trog.
Trog was extremely pleased with you.
You were very hungry.

You visited 1 branch of the dungeon, and saw 10 of its levels.
You also visited: Bailey.

You collected 328 gold pieces.

Inventory:

Hand Weapons
 a - a +0 whip
 b - a +2 longbow of flaming
 i - a +0 hunting sling
 y - a +3 battleaxe of flaming (weapon)
Missiles
 h - 77 sling bullets
 w - 16 poisoned darts (quivered)
 J - 60 arrows
Armour
 n - a +1 pair of gloves (worn)
 u - a +0 chain mail (worn)
Jewellery
 o - a +5 ring of intelligence (left hand)
 q - an amulet of guardian spirit (around neck)
 A - a ring of ice (right hand)
Wands
 j - a wand of flame (20)
 D - a wand of acid (12)
 F - a wand of paralysis (20)
 L - a wand of digging (3)
 N - a wand of polymorph (9)
Scrolls
 d - 4 scrolls of identify
 e - 5 scrolls of immolation
 f - 9 scrolls of teleportation
 g - 6 scrolls of remove curse
 l - a scroll of fear {unknown}
 p - 2 scrolls of fog {unknown}
 s - a scroll of noise {unknown}
 t - a scroll of enchant armour
 v - a scroll of amnesia {unknown}
 x - a scroll of magic mapping {unknown}
 C - 3 scrolls of enchant weapon
 E - a scroll of random uselessness {unknown}
Potions
 k - 8 potions of heal wounds
 m - a potion of haste {unknown}
 r - a potion of might {unknown}
 z - 4 potions of ambrosia {unknown}
 B - a potion of agility {unknown}
 G - a potion of flight {unknown}
 H - a potion of brilliance {unknown}
 I - 3 potions of curing
 M - a potion of magic {unknown}
Comestibles
 c - 15 rations


   Skills:
 + Level 10.4 Fighting
 - Level 13.4 Maces & Flails
 - Level 9.8 Armour
 + Level 3.1 Dodging


You had 9 spell levels left.
You didn't know any spells.
Your spell library was empty.

Dungeon Overview and Level Annotations

Branches:
Dungeon (10/15)            Temple (0/1) D:7          Bailey (visited)
   Lair: D:8-11         Orc: D:9-12

Altars:
Dithmenos
Fedhas
Hepliaklqana
Makhleb
Okawaru
Qazlal
Ru
Sif Muna
Trog
Wu Jian
Yredelemnul
Zin

Shops:
D:6 }   D:7 (   D:8 %   D:9 [

Annotations:
D:4 1 runed translucent door, walterwhite's ghost, amateur MfTm


Innate Abilities, Weirdness & Mutations

You reflexively headbutt those who attack you in melee.
You have a pair of horns on your head.


Message History

Trog accepts your kill.
You closely miss the orc priest. You slice the orc!! You burn the orc.
You kill the orc!
Trog accepts your kill. The orc hits you but does no damage.
The orc priest hits you but does no damage. x2
The orc closely misses you. The orc knight misses you.
The orc priest hits you but does no damage.
The orc priest closely misses you.
You barely miss the orc priest.
The orc priest is heavily wounded.
You slash the orc priest! You burn the orc priest.
You kill the orc priest!
Trog accepts your kill.
The orc hits you from afar with a +0 trident.
* * * LOW HITPOINT WARNING * * *
The orc knight roars a battlecry!
The orcs go into a battle-frenzy!
The orc priest hits you with a +0 dagger.
You die...

#>............#
#.............#
#.............#
#.............+
#.............#
#.............#
##.......######
#######.######
#....)o@)...#
#.....))[o..#
#......oo...#
#$..?..).<..#
#.....o.......
#..##8'8#####8'
### ..... .
#...... #...⌠..


You could see an orc knight, an orc priest and 3 orcs.

Vanquished Creatures
  Erolcha (D:9)
  A vampire (D:10)
  2 hungry ghosts
  Menkaure (D:4)
  Edmund (D:4)
  An ice beast (D:9)
  5 orc warriors
  2 sky beasts
  2 black bears
  8 ogres
  2 necrophages
  A phantom (D:4)
  An eye of draining (D:9)
  4 centaurs
  2 crocodiles
  A big kobold (D:8)
  3 bullfrogs
  A gnoll sergeant (D:9)
  A water moccasin zombie (D:8)
  A scorpion (D:6)
  4 killer bees (D:8)
  2 howler monkeys
  5 wights (D:6)
  3 crimson imps
  4 hounds
  3 bullfrog skeletons
  14 orc priests
  Terence (D:3)
  3 iguanas
  6 orc wizards
  7 worker ants
  2 hound zombies
  2 hound skeletons
  11 adders
  8 gnolls
  2 shadow imps
  3 oozes
  An adder zombie (D:6)
  An adder skeleton (D:6)
  3 worms
  A dart slug (D:2)
  5 leopard geckos
  44 orcs
  7 bats
  6 giant cockroaches
  7 goblins
  6 hobgoblins
  17 jackals
  3 quokkas
  2 ball pythons
  5 frilled lizards
  14 kobolds
  A quokka zombie (D:9)
  5 rats
249 creatures vanquished.

Notes
Turn   | Place    | Note
-------+----------+-------------------------------------------
     0 | D:1      | MoonlitKnight the Minotaur Berserker began the quest for
                  | the Orb.
     0 | D:1      | Reached XP level 1. HP: 19/19 MP: 0/0
   124 | D:1      | Reached skill level 4 in Maces & Flails
   140 | D:1      | Reached XP level 2. HP: 25/27 MP: 1/1
   463 | D:2      | Found a faded altar of an unknown god.
   590 | D:2      | Reached XP level 3. HP: 28/33 MP: 2/2
   620 | D:2      | Reached ** piety under Trog
   830 | D:2      | Noticed a centaur
   841 | D:2      | Killed a centaur
   841 | D:2      | Reached skill level 5 in Maces & Flails
   841 | D:2      | Reached XP level 4. HP: 29/41 MP: 3/3
   841 | D:2      | Reached XP level 5. HP: 33/47 MP: 4/4
  1027 | D:2      | Found a shadowy altar of Dithmenos.
  1273 | D:3      | Noticed a fire elemental
  1274 | D:3      | Found a stormy altar of Qazlal.
  1277 | D:3      | Noticed a water elemental
  1277 | D:3      | Noticed an air elemental
  1413 | D:3      | Noticed Terence
  1422 | D:3      | Killed Terence
  1826 | D:3      | Reached skill level 6 in Maces & Flails
  1933 | D:3      | Found a faded altar of an unknown god.
  1933 | D:3      | Found a burning altar of Makhleb.
  1938 | D:3      | Found a faded altar of an unknown god.
  1940 | D:3      | Found a hazy altar of Hepliaklqana.
  1942 | D:3      | Found a glowing silver altar of Zin.
  1993 | D:4      | Reached skill level 5 in Fighting
  2166 | D:4      | Reached XP level 6. HP: 55/56 MP: 5/5
  2250 | D:4      | Found a runed translucent door.
  2374 | D:4      | Noticed Menkaure
  2385 | D:4      | Killed Menkaure
  2385 | D:4      | Reached skill level 7 in Maces & Flails
  2438 | D:4      | Reached skill level 5 in Armour
  2438 | D:4      | Reached XP level 7. HP: 41/62 MP: 6/6
  2653 | D:4      | Noticed walterwhite's ghost (amateur MfTm)
  2678 | D:5      | Entered Level 5 of the Dungeon
  2679 | D:5      | Noticed Edmund
  2694 | D:4      | Killed Edmund
  2694 | D:4      | Reached *** piety under Trog
  2694 | D:4      | Reached skill level 8 in Maces & Flails
  2992 | D:5      | Found a bloodstained altar of Trog.
  2993 | D:5      | Found an iron altar of Okawaru.
  3124 | D:5      | Reached XP level 8. HP: 71/71 MP: 7/7
  3190 | D:5      | Found a sacrificial altar of Ru.
  3433 | D:5      | Reached skill level 9 in Maces & Flails
  3595 | D:5      | Found a shimmering blue altar of Sif Muna.
  3864 | D:5      | Found an ornate altar of the Wu Jian Council.
  4234 | D:6      | Reached skill level 10 in Maces & Flails
  4237 | D:6      | Paralysed by a wight for 2 turns
  4243 | D:6      | Reached **** piety under Trog
  4606 | D:6      | Found Kahahyut's Gadget Shop.
  4656 | D:7      | Found a basalt altar of Yredelemnul.
  4675 | D:7      | Found a flagged portal.
  4699 | Bailey   | Entered a bailey
  4712 | Bailey   | Reached XP level 9. HP: 81/81 MP: 5/8
  5148 | D:7      | Found a blossoming altar of Fedhas.
  5307 | D:7      | Found a staircase to the Ecumenical Temple.
  5405 | D:7      | Reached skill level 11 in Maces & Flails
  5782 | D:7      | Found Ibist's Weapon Shop.
  6539 | D:8      | Found Cicif's Food Boutique.
  6574 | D:8      | Reached ***** piety under Trog
  6574 | D:8      | Received a gift from Trog
  6747 | D:8      | Reached skill level 12 in Maces & Flails
  6927 | D:8      | Found a bloodstained altar of Trog.
  7309 | D:9      | Noticed Erolcha
  7316 | D:9      | Killed Erolcha
  7316 | D:9      | Reached XP level 10. HP: 60/91 MP: 6/9
  7729 | D:9      | Found Uxzish's Antique Armour Boutique.
  7785 | D:9      | Reached skill level 13 in Maces & Flails
  8135 | D:10     | Entered Level 10 of the Dungeon
  8261 | D:10     | Reached skill level 10 in Fighting
  8425 | D:10     | Received a gift from Trog
  8466 | D:10     | Noticed an orc knight
  8468 | D:10     | HP: 3/93 [orc priest/divine providence (9)]
  8472 | D:10     | Slain by an orc priest

Levels and vault maps discovered:
D:1:      dpeg_arrival_central, layout_basic, supply_closet_lemuel
D:2:      layout_rooms, nicolae_overflow_crystal_walls,
          chequers_ecumenical_altar_simple_redux
D:3:      layout_loops_ring, chequers_temple_overflow_minitemple,
          nicolae_qazlal_style_of_elements,
          wander_ebering_terrifying_dragon_lair, uniq_terence
D:4:      layout_rooms, first_ration, ebering_ghost_sewer_d, grunt_ministairs_9,
          uniq_menkaure
D:5:      layout_loops_ring, grunt_temple_overflow_bloody_war,
          lemuel_coloured_pillars_altar, kennysheep_little_box, kennysheep_mini,
          uniq_edmund
D:6:      layout_basic, serial_shops, nicolae_shop_stone
D:7:      layout_cave_pools, fedhas_bush_and_centaur_altar, temple_fountains,
          basic_altar, enter_bailey_3, serial_shops, shop
D:8:      layout_loops_ring, nicolae_overflow_hidden_temple, serial_shops, shop,
          trog_three_pillars_becter
D:9:      layout_long_grid, serial_shops, nicolae_shop_stone, uniq_erolcha
D:10:     layout_roguey, david_lair_shrubbed, david_orc_5

Skill      XL: |  1  2  3  4  5  6  7  8  9 10 |
---------------+-------------------------------+-----
Maces & Flails | 4 5 6 7 8 10 12 13 | 13.4
Fighting       | 4 5 6 7 9 10 | 10.4
Armour         | 3 4 5 6 7 9 |  9.8
Dodging        | 3 |  3.1

Action                   |  1- 3 |  4- 6 |  7- 9 | 10-12 || total
-------------------------+-------+-------+-------+-------++-------
Melee: Mace              |    15 |       |       |       ||    15
       Headbutt          |    11 |    22 |   114 |    42 ||   189
       Whip              |    70 |   154 |   512 |   153 ||   889
       Battleaxe         |       |       |       |    16 ||    16
 Fire: Longbow           |       |       |       |    19 ||    19
Invok: Berserk           |       |       |     3 |     2 ||     5
  Use: Scroll            |       |       |     5 |     4 ||     9
  Eat: Chunk             |       |     5 |    20 |     3 ||    28
       Ration            |       |       |       |     1 ||     1
Armor: Animal skin       |    10 |       |       |       ||    10
       Ring mail         |    13 |    15 |       |       ||    28
       Chain mail        |       |    69 |   164 |    75 ||   308
Dodge: Dodged            |    46 |    77 |   164 |    55 ||   342

Table legend:
 A = Non-vault XP
 B = Vault XP
 C = Vault XP percentage of total XP
 D = Non-vault monster count
 E = Vault monster count
 F = Vault count percentage of total count
                 A         B        C        D         E       F
            +---------+---------+-------+---------+---------+-------
      Total |    6684 |    2169 |  24.5 |     217 |      32 |  12.9
            +---------+---------+-------+---------+---------+-------
        D:1 |      27 |       0 |   0.0 |      15 |       0 |   0.0
        D:2 |     187 |       0 |   0.0 |      21 |       0 |   0.0
        D:3 |      45 |      39 |  46.4 |      11 |       2 |  15.4
        D:4 |     436 |     390 |  47.2 |      19 |       3 |  13.6
        D:5 |     698 |       3 |   0.4 |      29 |       1 |   3.3
        D:6 |     798 |       0 |   0.0 |      25 |       0 |   0.0
        D:7 |    1083 |     118 |   9.8 |      26 |       5 |  16.1
        D:8 |    1164 |       0 |   0.0 |      29 |       0 |   0.0
        D:9 |    1399 |    1025 |  42.3 |      35 |       1 |   2.8
       D:10 |     847 |     525 |  38.3 |       7 |      18 |  72.0
     Bailey |       0 |      69 | 100.0 |       0 |       2 | 100.0
            +---------+---------+-------+---------+---------+-------
